 Dungeon Sprint DCSS version 0.30.1-4-g462c640d31 (webtiles) character file.

Game seed: 2046673980023878219

25557 Heoruswealwe the Ninja (level 12, -3/65 HPs)
             Began as a Spriggan Artificer on Aug 29, 2023.
             Was an Initiate of Gozag.
             Slain by the 27-headed Lernaean hydra (6 damage)
             ... in the Dungeon (Sprint I: "Red Sonja").
             The game lasted 00:40:42 (2850 turns).

Heoruswealwe the Ninja (Spriggan Artificer)         Turns: 2850, Time: 00:40:42

Health: -3/65      AC:  2    Str:  8    XL:     12   Next: 90%
Magic:  13/13      EV: 41    Int: 16    God:    Gozag
Gold:   3162       SH:  0    Dex: 25    Spells: 11/11 levels left

rFire   + . .        a - +11 short sword of Uthegot {flame, Contam Int+3 Dex+5}
rCold   + . .        (no shield)
rNeg    + . .        c - +0 robe of Midwinter {rPois rN+ Archmagi}
rPois   +            (helmet restricted)
rElec   .            (no cloak)
rCorr   .            (gloves unavailable)
SInv    +            (boots unavailable)
Will    ++...        (no amulet)
Stlth   ++++++++++   k - ring of protection from cold
HPRegen 0.30/turn    j - ring of protection from fire
MPRegen 0.13/turn

%: no teleportation, archmagi
@: very quick
A: very small, no large weapons, unfitting armour, see invisible, speed 3
a: Renounce Religion, Potion Petition, Call Merchant, Bribe Branch


You were in the Dungeon.
You worshipped Gozag.
Gozag was most pleased with you.
You visited 1 branch You collected 9615 gold pieces.
You spent 3170 gold pieces at shops.
You donated 31 gold pieces to Zin.
You paid 3252 gold pieces to Gozag.

Inventory:

Hand Weapons
 a - the +11 short sword of Uthegot (weapon) {flame, Contam Int+3 Dex+5}
   (You bought it in a shop in the Dungeon)

   Int:       It affects your intelligence (+3).
   Dex:       It affects your dexterity (+5).
   Contam:    It causes magical contamination when unequipped.
 b - a +3 rapier of venom
Armour
 c - the +0 robe of Midwinter (worn) {rPois rN+ Archmagi}
   (You bought it in a shop in the Dungeon)

   rPois:     It protects you from poison.
   rN:        It protects you from negative energy.
   Archmagi:  It increases the power of your magical spells.
Jewellery
 j - a ring of protection from fire (right hand)
 k - a ring of protection from cold (left hand)
 u - the ring of the Hare {EV+10}
   (You bought it in a shop in the Dungeon)

   [ring of evasion]

   EV:        It affects your evasion (+10).
Wands
 d - a wand of charming (14)
 l - a wand of mindburst (3)
 n - a wand of iceblast (1)
 t - a wand of polymorph (27)
 z - a wand of flame (38) (quivered)
Scrolls
 i - a scroll of identify
 m - a scroll of fog
 p - 2 scrolls of summoning
Potions
 f - a potion of curing
 h - a potion of heal wounds
 o - a potion of flight
 r - a potion of berserk rage
Miscellaneous
 e - a tin of tremorstones (2/2)
 g - a phantom mirror
 x - a phial of floods


   Skills:
 + Level 8.8 Fighting
 + Level 11.2 Short Blades
 + Level 21.2 Dodging
 O Level 27 Stealth
 * Level 24.4 Evocations


You had 11 spell levels left.
You didn't know any spells.
Your spell library contained the following spells:

 Spells                   Type           Power      Damage    Failure   Level
 Scorch                   Fire           0%         2d5       36%         2
 Call Canine Familiar     Summ           0%         N/A       58%         3
 Portal Projectile        Hex/Tloc       0%         N/A       58%         3
 Flame Wave               Conj/Fire      0%         2d4       94%         4
 Leda's Liquefaction      Hex/Erth       0%         N/A       94%         4
 Summon Cactus Giant      Summ           0%         N/A       100%        6


Dungeon Overview and Level Annotations

Branches:
Dungeon (1/1)

Altars:
Cheibriados
Dithmenos
Elyvilon
Fedhas
Gozag
Hepliaklqana
Kikubaaqudgha
Makhleb
Nemelex Xobeh
Okawaru
Qazlal
Ru
Sif Muna
Trog
Uskayaw
Vehumet
Wu Jian
Xom
Yredelemnul
Zin
The Shining One
Jiyva
Lugonu

Shops:
D [:[?[*(?==:[(=*[[*=[:[!?[=

Annotations:
D Lernaean hydra, Tiamat


Innate Abilities, Weirdness & Mutations

You are very small and have problems with some larger weapons.
You are too small for most types of armour.
You have supernaturally acute eyesight. (SInv)
You cover ground extremely quickly. (Speed+++)


Message History

You float gracefully downwards.
You flicker back into view.
Found 27 gold pieces.
Found 27 gold pieces.
There is an open door here.
You enter the shallow water.
Moving in this stuff is going to be slow.
Found 27 gold pieces.
Found 27 gold pieces.
Found 54 gold pieces.
Found 54 gold pieces.
The 27-headed Lernaean hydra comes into view.
Found 27 gold pieces.
The 27-headed Lernaean hydra roars deafeningly!
You hear a shout!
There is an open door here.
Aiming: Mindburst
Press: ? - help, Shift-Dir - straight line, f - 27-headed Lernaean hydra
Aim: the 27-headed Lernaean hydra (chance to affect: 37%)
The 27-headed Lernaean hydra's minds are blasted!!!
The 27-headed Lernaean hydra completely misses you.
The 27-headed Lernaean hydra bites you!
The 27-headed Lernaean hydra completely misses you. x4
The 27-headed Lernaean hydra bites you!
The 27-headed Lernaean hydra completely misses you. x2
The 27-headed Lernaean hydra bites you!
The 27-headed Lernaean hydra completely misses you.
The 27-headed Lernaean hydra closely misses you.
The 27-headed Lernaean hydra completely misses you.
The 27-headed Lernaean hydra closely misses you.
The 27-headed Lernaean hydra bites you but does no damage.
The 27-headed Lernaean hydra misses you.
The 27-headed Lernaean hydra bites you. The 27-headed Lernaean hydra bites you!
* * * LOW HITPOINT WARNING * * *
The 27-headed Lernaean hydra completely misses you.
The 27-headed Lernaean hydra bites you!
* * * LOW HITPOINT WARNING * * *
The 27-headed Lernaean hydra bites you.
You die...
Your body crumbles into a pile of gold.

°.#.###.#.≈..#.§§..§§§....#,*
.°.○○.#.###..#.....§......#$*
°.○○..#.#.'..##....§.§§§.##$*
..○####'#.##'##..........#$$*
.###.=!!#.#~~~##........##$$*
##...####,#~~~~##)..().##$$$*
...###,,,^#~~~~~########,,$$*
####^,,,**##~~~~#~~~~~#°,,,$*
,,,,,^,,*$$#'~~~@D~.~~°°,,,$*
,,,,,,,,#$$$##~~#~~~~~#~~~,,*
,,,,,,,,#$$$$######'###**~~~*
**,,,,,^#$$$$*~~~~~~≈≈~~**~~*
.*,,,,,^###****~~~~~~≈≈≈~~~~*
#*,,,,,,+,,*,,+$$,~~~~~~~*~~*
,,,,,,,^*,,+,,*$$$$$$$$~~~*~*
*****************************


You could see the 27-headed Lernaean hydra.

Vanquished Creatures
  A golden dragon (D)
  A shadow dragon (D)
  4 fire giants (D)
  A deep elf annihilator (D)
  A lorocyproca (D)
  A mummy priest (D)
  2 centaur warriors (D)
  A hydra (D)
  Sonja (D)
  A deep troll (D)
  A lindwurm (D)
  8 shining eyes (D)
  2 oklob plants (D)
  2 merfolk sirens (D)
  4 demonic crawlers (D)
  2 gargoyles (D)
  2 kobold demonologists (D)
  7 unseen horrors (D)
  A hellwing (D)
  5 hornets (D)
  Sigmund (D)
  A slime creature (D)
  A yak (D)
  13 hogs (D)
  2 redbacks (D)
  7 floating eyes (D)
  An ogre (D)
  7 necrophages (D)
  8 jellies (D)
  Ijyb (D)
  A ballistomycete spore (D)
91 creatures vanquished.

Vanquished Creatures (others)
  A ballistomycete spore (D)
1 creature vanquished.

Grand Total: 92 creatures vanquished

Notes
Turn   | Place    | Note
-------+----------+-------------------------------------------
     0 | D        | Heoruswealwe the Spriggan Artificer began the quest for the
                  | Orb.
     0 | D        | Reached XP level 1. HP: 9/9 MP: 2/2
     1 | D        | Noticed Ijyb
     3 | D        | Killed Ijyb
     4 | D        | Reached skill level 6 in Stealth
     4 | D        | Reached skill level 5 in Evocations
     4 | D        | Reached XP level 2. HP: 14/14 MP: 3/3
    13 | D        | Noticed an ogre
    24 | D        | Killed an ogre
    25 | D        | Reached skill level 10 in Stealth
    25 | D        | Reached XP level 3. HP: 17/17 MP: 4/4
    25 | D        | Reached XP level 4. HP: 21/21 MP: 5/5
    40 | D        | Noticed Sigmund
    42 | D        | Killed Sigmund
    43 | D        | Reached skill level 13 in Stealth
    43 | D        | Reached XP level 5. HP: 19/25 MP: 6/6
    43 | D        | Reached XP level 6. HP: 22/29 MP: 7/7
    75 | D        | Found an ornate altar of the Wu Jian Council.
    75 | D        | Found a shimmering blue altar of Sif Muna.
    77 | D        | Found a radiant altar of Vehumet.
    82 | D        | Reached skill level 14 in Stealth
   111 | D        | Found Soghaug's Magic Scroll Emporium.
   111 | D        | Found an ancient bone altar of Kikubaaqudgha.
   111 | D        | Found a hazy altar of Hepliaklqana.
   111 | D        | Found a stormy altar of Qazlal.
   111 | D        | Found a hide-covered altar of Uskayaw.
   111 | D        | Found a blossoming altar of Fedhas.
   111 | D        | Found a bloodstained altar of Trog.
   111 | D        | Found an iron altar of Okawaru.
   111 | D        | Found a basalt altar of Yredelemnul.
   111 | D        | Found a glowing golden altar of the Shining One.
   111 | D        | Found a snail-covered altar of Cheibriados.
   111 | D        | Found a sacrificial altar of Ru.
   111 | D        | Found a glowing silver altar of Zin.
   111 | D        | Found a shadowy altar of Dithmenos.
   111 | D        | Found a white marble altar of Elyvilon.
   111 | D        | Noticed a yak
   112 | D        | Found an opulent altar of Gozag.
   113 | D        | Killed a yak
   114 | D        | Reached skill level 10 in Dodging
   114 | D        | Reached skill level 15 in Stealth
   114 | D        | Reached skill level 10 in Evocations
   114 | D        | Found a sparkling altar of Nemelex Xobeh.
   119 | D        | Became a worshipper of Zin the Law-Giver
   119 | D        | Reached * piety under Zin
   119 | D        | Reached ** piety under Zin
   119 | D        | Reached *** piety under Zin
   119 | D        | Reached **** piety under Zin
   119 | D        | Reached ***** piety under Zin
   119 | D        | Reached ****** piety under Zin
   128 | D        | Noticed Sonja
   132 | D        | Killed Sonja
   133 | D        | Reached skill level 18 in Stealth
   133 | D        | Reached XP level 7. HP: 32/32 MP: 8/8
   133 | D        | Reached XP level 8. HP: 37/37 MP: 9/9
   147 | D        | Found Doebapa's Armour Boutique.
   157 | D        | Noticed a shining eye
   157 | D        | Noticed a shining eye
   157 | D        | Noticed a shining eye
   157 | D        | Noticed a shining eye
   157 | D        | Noticed a shining eye
   157 | D        | Noticed a shining eye
   159 | D        | Noticed a shining eye
   159 | D        | Noticed a shining eye
   162 | D        | Paralysed by a floating eye for 4 turns
   168 | D        | Paralysed by a floating eye for 2 turns
   172 | D        | Reached skill level 19 in Stealth
   174 | D        | Paralysed by a floating eye for 4 turns
   179 | D        | Paralysed by a floating eye for 2 turns
   183 | D        | Paralysed by a floating eye for 4 turns
   188 | D        | Paralysed by a floating eye for 2 turns
   193 | D        | Paralysed by a floating eye for 3 turns
   200 | D        | Paralysed by a floating eye for 3 turns
   206 | D        | Paralysed by a floating eye for 3 turns
   340 | D        | Killed a shining eye
   341 | D        | Reached skill level 20 in Stealth
   396 | D        | Killed a shining eye
   397 | D        | Reached skill level 21 in Stealth
   397 | D        | Reached XP level 9. HP: 40/40 MP: 10/10
   471 | D        | Killed a shining eye
   472 | D        | Reached skill level 22 in Stealth
   530 | D        | Killed a shining eye
   589 | D        | Killed a shining eye
   590 | D        | Reached skill level 15 in Dodging
   590 | D        | Reached skill level 23 in Stealth
   590 | D        | Reached skill level 15 in Evocations
   677 | D        | Killed a shining eye
   786 | D        | Killed a shining eye
   787 | D        | Reached skill level 24 in Stealth
   787 | D        | Reached XP level 10. HP: 44/44 MP: 11/11
   852 | D        | Killed a shining eye
   864 | D        | Found Golob's Antique Armour Shop.
   864 | D        | Found Qiwihurr's Book Shoppe.
   864 | D        | Found Neceam's Assorted Antiques.
   864 | D        | Found Uraisuuhary's Armour Emporium.
   878 | D        | Bought a scroll labelled YTOIMMUPLE for 26 gold pieces
   878 | D        | Bought 2 bubbling blue potions for 46 gold pieces
   878 | D        | Bought a scroll labelled SUAFAT SITO for 26 gold pieces
   878 | D        | Bought a scroll labelled YTOIMMUPLE for 26 gold pieces
   878 | D        | Bought a scroll labelled LANAUKK HIMULO for 26 gold pieces
   878 | D        | Bought a gilded ring for 130 gold pieces
   905 | D        | Fell from the grace of Zin
   905 | D        | Became a worshipper of Gozag Ym Sagoz the Greedy
  1026 | D        | Noticed a deep troll
  1030 | D        | Killed a deep troll
  1031 | D        | Reached skill level 25 in Stealth
  1041 | D        | Found Dibaff's Armour Emporium.
  1067 | D        | Noticed a centaur warrior
  1068 | D        | Noticed a centaur warrior
  1071 | D        | Killed a centaur warrior
  1073 | D        | Killed a centaur warrior
  1074 | D        | Reached skill level 26 in Stealth
  1108 | D        | Noticed an oklob plant
  1110 | D        | Killed an oklob plant
  1157 | D        | Reached skill level 27 in Stealth
  1159 | D        | Reached skill level 1 in Fighting
  1159 | D        | Reached skill level 1 in Short Blades
  1196 | D        | Reached XP level 11. HP: 49/49 MP: 12/12
  1267 | D        | Found Wuss's Magic Scroll Shoppe.
  1267 | D        | Found Jompeff's Antique Weapon Shop.
  1267 | D        | Found Patwin's Jewellery Boutique.
  1273 | D        | Found Noub's Armour Boutique.
  1273 | D        | Found Baggosep's Distillery.
  1273 | D        | Found Qamnaker's Book Emporium.
  1275 | D        | Found Panees's Jewellery Boutique.
  1275 | D        | Found Aciar's General Store.
  1275 | D        | Found Tyotso's Antique Armour Shop.
  1275 | D        | Found Roofun's General Store.
  1275 | D        | Found Pudiot's Antique Weapon Boutique.
  1275 | D        | Found Atzijeski's Armour Shoppe.
  1275 | D        | Found Quavusi's Book Shop.
  1279 | D        | Found Laschisem's Jewellery Emporium.
  1281 | D        | Bought a wand of polymorph (8) for 145 gold pieces
  1283 | D        | Bought a scroll of identify for 24 gold pieces
  1284 | D        | Bought a scorched rapier for 198 gold pieces
  1284 | D        | Identified the +8 rapier "Qaeshemi" {heavy, *Rage Str+8
                  | Int-5 Stlth+} (You bought it in a shop in the Dungeon)
  1290 | D        | Bought a glowing rapier for 119 gold pieces
  1290 | D        | Bought an ancient short sword for 136 gold pieces
  1290 | D        | Identified the +11 short sword of Uthegot {flame, Contam
                  | Int+3 Dex+5} (You bought it in a shop in the Dungeon)
  1323 | D        | Bought a fine robe for 136 gold pieces
  1323 | D        | Identified the +0 robe of Midwinter {rPois rN+ Archmagi}
                  | (You bought it in a shop in the Dungeon)
  1352 | D        | Bought 3 scrolls of identify for 78 gold pieces
  1407 | D        | Found a burning altar of Makhleb.
  1407 | D        | Found a viscous altar of Jiyva.
  1407 | D        | Found a shimmering altar of Xom.
  1407 | D        | Found a corrupted altar of Lugonu.
  1491 | D        | Noticed a lindwurm
  1493 | D        | Killed a lindwurm
  1494 | D        | Reached skill level 5 in Short Blades
  1568 | D        | Reached skill level 5 in Fighting
  1581 | D        | Noticed a 12-headed hydra
  1583 | D        | Killed a 12-headed hydra
  1655 | D        | Noticed a shadow dragon
  1655 | D        | Noticed a golden dragon
  1671 | D        | Killed a golden dragon
  1698 | D        | Killed a shadow dragon
  1699 | D        | Reached XP level 12. HP: 28/62 MP: 13/13
  1760 | D        | Found Sihuriq's Armour Shoppe.
  1834 | D        | Bought a scroll of summoning for 161 gold pieces
  1834 | D        | Bought a scroll of summoning for 161 gold pieces
  1834 | D        | Bought a scroll of identify for 34 gold pieces
  1834 | D        | Bought a scroll of identify for 34 gold pieces
  1837 | D        | Bought the ring of the Hare {EV+10} for 1664 gold pieces
  1837 | D        | Found the ring of the Hare {EV+10}
  1879 | D        | Noticed a daeva
  2103 | D        | HP: 1/62 [daeva/divine providence (12)]
  2276 | D        | Noticed a fire giant
  2279 | D        | Noticed a fire giant
  2280 | D        | Noticed a fire giant
  2281 | D        | Noticed a fire giant
  2283 | D        | Killed a fire giant
  2289 | D        | Killed a fire giant
  2290 | D        | Killed a fire giant
  2292 | D        | Killed a fire giant
  2293 | D        | Reached skill level 10 in Short Blades
  2296 | D        | Found the +4 dragonskin cloak
  2296 | D        | Noticed Tiamat
  2410 | D        | Noticed a lorocyproca
  2415 | D        | Killed a lorocyproca
  2763 | D        | Noticed a deep elf annihilator
  2769 | D        | Killed a deep elf annihilator
  2802 | D        | Noticed a mummy priest
  2807 | D        | Killed a mummy priest
  2848 | D        | Noticed the 27-headed Lernaean hydra
  2850 | D        | HP: 3/65 [the 27-headed Lernaean hydra (10)]
  2850 | D        | Slain by the 27-headed Lernaean hydra

Illustrated notes

Levels and vault maps discovered:
D:        dungeon_sprint_1 [red_sonja_temple_1, red_sonja_temple_small_1]

Skill      XL: |  1  2  3  4  5  6  7  8  9 10 11 12 |
---------------+-------------------------------------+-----
Dodging        | 4 6 8 11 13 15 17 19 21 | 21.2
Stealth        | 6 10 13 18 21 24 27 | 27.0
Evocations     | 5 7 9 12 14 15 17 21 24 | 24.4
Fighting       | 1 6 8 |  8.8
Short Blades   | 1 8 11 | 11.2

Action                     |  1- 3 |  4- 6 |  7- 9 | 10-12 || total
---------------------------+-------+-------+-------+-------++-------
  Melee: Dagger            |       |     3 |   590 |    88 ||   681
         Punch             |       |       |    14 |     3 ||    17
         Short sword       |       |       |       |    81 ||    81
 Invoke: Call Merchant     |       |       |       |     4 ||     4
  Evoke: Wand              |     7 |     2 |       |    44 ||    53
         Phantom mirror    |       |       |       |     2 ||     2
         Phial of floods   |       |       |       |     2 ||     2
    Use: Scroll            |       |       |       |    14 ||    14
         Potion            |       |       |       |    11 ||    11
   Stab: Sleeping          |       |     3 |     1 |    41 ||    45
         Distracted        |       |       |       |     2 ||     2
 Armour: Robe              |       |       |       |     1 ||     1
  Dodge: Dodged            |     1 |       |       |   101 ||   102
